 Dungeon Crawl Stone Soup version 0.29-a0-728-g6bb282b620 (webtiles) character file.

Game seed: 5171940519378011199

70 Bruhh the Caller (level 4, -3/30 HPs)
             Began as a Barachi Summoner on June 29, 2022.
             Slain by a gnoll shaman
             ... wielding a +0 whip
              (7 damage)
             ... on level 3 of the Dungeon.
             The game lasted 00:02:52 (2943 turns).

Bruhh the Caller (Barachi Summoner)                 Turns: 2943, Time: 00:02:52

Health: -3/30      AC:  5    Str:  9    XL:     4   Next: 22%
Magic:  2/9        EV: 12    Int: 16    God:
Gold:   113        SH:  0    Dex: 13    Spells: 4/10 levels left

rFire   . . .      SeeInvis .   e - +0 short sword
rCold   . . .      Faith    .   (no shield)
rNeg    + . .      Spirit   .   a - +0 robe
rPois   +          Reflect  .   (no helmet)
rElec   .          Harm     .   o - +2 ratskin cloak {*Rats rPois rN+ Str-1 Int-1 Dex+1}
rCorr   .          Rampage  .   (no gloves)
Will    .....                   (no boots)
Stlth   ++........              (no amulet)
HPRegen 0.10/turn               (no ring)
MPRegen 0.11/turn               (no ring)

@: slow
A: amphibious, slowness 1, strong legs 1, +LOS
a: Hop


You were on level 3 of the Dungeon.
You visited 1 branch of the dungeon, and saw 3 of its levels.

You collected 113 gold pieces.

Inventory:

Hand Weapons
 e - a +0 short sword (weapon)
Armour
 a - a +0 robe (worn)
 o - the +2 ratskin cloak (worn) {*Rats rPois rN+ Str-1 Int-1 Dex+1}
   (You found it on level 3 of the Dungeon)

   When the wearer is hurt, rats may emerge from it to assist them.
   Str:       It affects your strength (-1).
   Int:       It affects your intelligence (-1).
   Dex:       It affects your dexterity (+1).
   rPois:     It protects you from poison.
   rN:        It protects you from negative energy.
Jewellery
 q - an amulet of guardian spirit
Scrolls
 c - 4 scrolls of teleportation {unknown}
 d - 2 scrolls of fog {unknown}
 f - a scroll of torment {unknown}
 g - a scroll of poison {unknown}
 h - a scroll of fear {unknown}
 i - a scroll of enchant armour {unknown}
 j - 3 scrolls of identify {unknown}
 k - a scroll of enchant weapon {unknown}
 l - 2 scrolls of vulnerability {unknown}
 m - a scroll of brand weapon {unknown}
 p - a scroll of noise {unknown}
Potions
 b - a potion of magic
 n - a potion of brilliance {unknown}


   Skills:
 - Level 2.1 Dodging
 - Level 1.7 Stealth
 + Level 3.5 Spellcasting
 + Level 5.9 Summonings


You had 4 spell levels left.
You knew the following spells:

 Your Spells              Type           Power      Damage    Failure   Level
a - Summon Small Mammal   Summ           84%        N/A       1%          1
b - Call Imp              Summ           21%        N/A       2%          2
c - Call Canine Familiar  Summ           21%        N/A       4%          3

Your spell library contained the following spells:

 Spells                   Type           Power      Damage    Failure   Level
 Summon Guardian Golem    Hex/Summ       12%        N/A       16%         3
 Slow                     Hex            8%         N/A       19%         1
 Blink                    Tloc           4%         N/A       26%         2
 Ensorcelled Hibernation  Hex/Ice        4%         N/A       26%         2
 Summon Lightning Spire   Summ/Air       12%        N/A       45%         4
 Confusing Touch          Hex            2%         N/A       47%         3
 Spider Form              Tmut/Pois      2%         N/A       47%         3
 Vampiric Draining        Necr           2%         2d6       47%         3
 Anguish                  Hex/Necr       1%         N/A       87%         4
 Passage of Golubria      Tloc           2%         N/A       87%         4
 Manifold Assault         Tloc           2%         N/A       99%         5
 Silence                  Hex/Air        1%         N/A       99%         5
 Storm Form               Tmut/Air       1%         N/A       100%        7
 Lehudib's Crystal Spear  Conj/Erth      1%         10d2      100%        8


Dungeon Overview and Level Annotations

Branches:
Dungeon (3/15)

Altars:

Annotations:
D:2 Sigmund


Innate Abilities, Weirdness & Mutations

You are amphibious.
You cover ground slowly.
You can hop short distances.
You have an extended range of vision and can be seen from far away.


Message History

Casting: Call Canine Familiar (dangerous; 4% risk of failure)
Confirm with . or Enter, or press ? or * to list all spells.
Okay, then.
You hit the gnoll.
You kill the gnoll!
Your hound barely misses the gnoll shaman. x2
Your hound barely misses the gnoll shaman.
The gnoll shaman closely misses you.
Your hound bites the gnoll shaman.
Things that are here:
a +0 club; a gnoll corpse You closely miss the gnoll shaman.
The gnoll shaman is lightly wounded.
Your hound barely misses the gnoll shaman.
The gnoll hits you from afar with a +0 spear.
The gnoll shaman completely misses you.
You barely miss the gnoll shaman.
The gnoll shaman is lightly wounded.
Your hound bites the gnoll shaman.
The gnoll misses you.
The gnoll shaman hits you with a +0 whip.
Your hound bites the gnoll shaman but does no damage.
The gnoll shaman attacks as you move away!
The gnoll shaman hits you with a +0 whip.
Your hound bites the gnoll shaman but does no damage.
The gnoll hits your hound with a +0 spear.
Your hound bites the gnoll.
You hit the gnoll shaman.
The gnoll shaman is heavily wounded.
The gnoll shaman closely misses you.
Your hound bites the gnoll.
You hit the gnoll shaman but do no damage.
The gnoll shaman is heavily wounded.
Your hound bites the gnoll.
The gnoll hits you from afar with a +0 spear!
The frilled lizard bites your hound.
The gnoll shaman hits you with a +0 whip!
* * * LOW HITPOINT WARNING * * *
A hell rat scurries out from under your cloak.
Your hound bites the gnoll.
The gnoll dies!
The gnoll shaman hits you with a +0 whip!
You die...

##.##############
#.# #.# #.# #.#
#.# #.#
#####h########.
#..@g)lg.......
#r###.######### #
..... #.#.###
#.#<. # #.# ..#
... #.#


You could see a gnoll shaman (ally target), a gnoll, a frilled lizard, a
friendly hell rat and a friendly hound (summoned).

Vanquished Creatures
  A gnoll (D:3)
  An adder (D:2)
  3 ball pythons
  An endoplasm (D:3)
  A giant cockroach (D:3)
  2 goblins
  3 hobgoblins
  A kobold (D:1)
  A quokka (D:2)
  A bat (D:2)
  A frilled lizard (D:2)
  A rat (D:3)
17 creatures vanquished.

Vanquished Creatures (collateral kills)
  An adder (D:2)
  A gnoll (D:3)
  A dart slug (D:1)
  3 orcs (D:3)
  2 endoplasms (D:1)
  2 goblins
  A hobgoblin (D:1)
  A kobold (D:1)
  5 ball pythons
  A frilled lizard (D:1)
  A rat (D:1)
19 creatures vanquished.

Grand Total: 36 creatures vanquished

Notes
Turn   | Place    | Note
-------+----------+-------------------------------------------
     0 | D:1      | Bruhh the Barachi Summoner began the quest for the Orb.
     0 | D:1      | Reached XP level 1. HP: 13/13 MP: 3/3
   145 | D:1      | Reached skill level 5 in Summonings
   281 | D:1      | Reached XP level 2. HP: 19/19 MP: 0/5
   453 | D:1      | Learned a level 2 spell: Call Imp
   474 | D:1      | Found a faded altar of an unknown god.
   993 | D:2      | Reached XP level 3. HP: 14/24 MP: 2/7
  1928 | D:2      | Noticed Sigmund
  2274 | D:3      | Found the +2 ratskin cloak {*Rats rPois rN+ Str-1 Int-1
                  | Dex+1}
  2549 | D:3      | Reached XP level 4. HP: 30/30 MP: 9/9
  2570 | D:3      | Learned a level 3 spell: Call Canine Familiar
  2943 | D:3      | Slain by a gnoll shaman

Illustrated notes

Levels and vault maps discovered:
D:1:      scummos_arrival_star, layout_rooms, basic_ecumenical_altar
D:2:      layout_basic, serial_shops, shop_fountains, uniq_sigmund
D:3:      layout_basic

Skill      XL: |  1  2 |
---------------+-------+-----
Summonings     | 5 |  5.9
Spellcasting   | 3 |  3.5
Dodging        | |  2.1
Stealth        | |  1.7

Action                   |  1- 3 |  4- 6 || total
-------------------------+-------+-------++-------
Melee: Unarmed           |    14 |       ||    14
       Punch             |     1 |       ||     1
       Short sword       |    61 |     7 ||    68
 Cast: Summon Small Mamm |    51 |     2 ||    53
       Call Imp          |     1 |       ||     1
       Call Canine Famil |       |     3 ||     3
  Use: Potion            |     1 |       ||     1
 Stab: Sleeping          |     2 |       ||     2
Armor: Robe              |    19 |       ||    19
Dodge: Dodged            |    61 |     5 ||    66

Table legend: (Time is in decaauts)
 A = Elapsed time spent in this place.
 B = Non-inter-level travel time spent in this place.
 C = Inter-level travel time spent in this place.
 D = Time resting spent in this place.
 E = Time spent auto-exploring this place.
 F = Levels seen in this place.
 G = Mean time per level.
                   A        B        C        D        E       F      G
               +--------+--------+--------+--------+--------+-----+--------+
         Total |   3234 |   3160 |     74 |      0 |   2762 |   3 | 1078.0 |
       Dungeon |   3234 |   3160 |     74 |      0 |   2762 |   3 | 1078.0 |
               +--------+--------+--------+--------+--------+-----+--------+

Top non-repeatable levels by time:
     D:2: 1191 daAuts
     D:3: 1096 daAuts
     D:1: 946 daAuts
